 Dungeon Crawl Stone Soup version 0.27-a0-328-g7f782ed93a (webtiles) character file.

Game seed: 10402975370191284517

132 CurlyBrace the Caller (level 4, 0/22 HPs)
             Began as a Felid Summoner on Feb 11, 2021.
             Was an Initiate of Cheibriados.
             Slain by a wolf (11 damage)
             ... led by Grum
             ... on level 8 of the Dungeon.
             The game lasted 00:09:19 (976 turns).

CurlyBrace the Caller (Felid Summoner)               Turns: 976, Time: 00:09:20

Health: 0/22       AC:  1    Str:  6    XL:     4   Next: 92%
Magic:  1/8        EV: 18    Int: 17    God:    Cheibriados [......]
Gold:   87         SH:  0    Dex: 18    Spells: 4/7 levels left
                                        Lives:  0   Deaths: 1

rFire    . . .     SeeInvis +     - Unarmed
rCold    . . .     Faith    .   (shield unavailable)
rNeg     . . .     Spirit   .   (armour unavailable)
rPois    .         Reflect  .   (helmet unavailable)
rElec    .         Harm     .   (cloak unavailable)
rCorr    +         Rampage  .   (gloves unavailable)
Will     .....                  (boots unavailable)
Stlth    +++.......             (no amulet)
HPRegen  0.07/turn              k - ring of resist corrosion
MPRegen  0.11/turn              (no ring)

@: slow
A: very small, no armour, no weapons or thrown items, stealth, claws 1, fangs 3,
see invisible, speed 1, shaggy fur 1, sharp paws
a: Renounce Religion, Bend Time


You were on level 8 of the Dungeon.
You worshipped Cheibriados.
Cheibriados was noncommittal.
You visited 1 branch of the dungeon, and saw 8 of its levels.

You collected 87 gold pieces.

Inventory:

Jewellery
 b - a ring of ice
   (You found it on level 3 of the Dungeon)
 k - a ring of resist corrosion (left paw)
   (You found it on level 7 of the Dungeon)
Potions
 d - a potion of flight


   Skills:
 + Level 3.7 Fighting
 - Level 3.0 Dodging
 - Level 3.0 Stealth
 + Level 3.7 Unarmed Combat
 - Level 2.0 Spellcasting
 - Level 4.0 Summonings


You had 4 spell levels left.
You knew the following spells:

 Your Spells              Type           Power        Failure   Level
a - Summon Small Mammal   Summ           60%          3%          1
b - Call Imp              Summ           15%          5%          2

Your spell library contained the following spells:

 Spells                   Type           Power        Failure   Level
 Call Canine Familiar     Summ           15%          11%         3
 Summon Guardian Golem    Hex/Summ       8%           26%         3
 Summon Ice Beast         Ice/Summ       8%           63%         4
 Summon Lightning Spire   Summ/Air       8%           63%         4


Dungeon Overview and Level Annotations

Branches:
Dungeon (8/15)
 Temple: D:4-7         Lair: D:8-11

Altars:
Cheibriados
Elyvilon
Ru
Xom

Annotations:
D:2 exclusion: worker ant
D:7 exclusion: scorpion
D:8 Grum


Innate Abilities, Weirdness & Mutations

You cannot wear armour.
You are incapable of wielding weapons or throwing items.
Your paws allow you to move quietly. (Stealth)
You have sharp claws.
You have razor-sharp teeth.
You have supernaturally acute eyesight. (SInv)
You cover ground quickly.
You are covered in fur. (AC +1)
Your sharp claws are effective at attacking unaware monsters.


Message History

Your quokka bites the bullfrog skeleton.
Unknown command.
You scratch the bullfrog skeleton.
The bullfrog skeleton is severely damaged.
Your bat barely misses the bullfrog skeleton.
Your bat hits the bullfrog skeleton. The bullfrog skeleton misses you.
Your quokka bites the bullfrog skeleton.
Unknown command.
You pounce on the helpless bullfrog skeleton from behind!
You claw the bullfrog skeleton!
You destroy the bullfrog skeleton!
Cheibriados thoroughly appreciates the change of pace.
An arrow appears from out of your range of vision.
The arrow barely misses your quokka. The arrow barely misses your bat.
Unknown command.
You feel better.
Casting: Summon Small Mammal (safe; 3% risk of failure)
Confirm with . or Enter, or press ? or * to list all spells.
A shadowy apparition takes form in the air.
The wolf misses you. The wolf bites you.
A centaur comes into view. It is wielding a +0 shortbow.
Your bat hits the wolf but does no damage.
Your bat closely misses the wolf.
The wolf bites your quokka!
Your quokka dies!
Your quokka's corpse disappears in a puff of smoke!
Your bat barely misses the wolf.
Unknown command.
Casting: Call Imp (safe; 5% risk of failure)
Confirm with . or Enter, or press ? or * to list all spells.
A beastly little devil appears in a puff of flame.
Your bat hits the wolf but does no damage.
Your bat closely misses the wolf.
The wolf closely misses you.
Your bat hits the wolf but does no damage.
Your shadow imp misses the wolf.
Casting: Call Imp (safe; 5% risk of failure)
Confirm with . or Enter, or press ? or * to list all spells.
A beastly little devil appears in a puff of flame.
Your bat hits the wolf. The wolf bites you!
Ouch! That really hurt!
You die...

###..........h...o
##........ .......
.#......... #.....
..........# #.o..
...<......###.h.#
.##..Z....##..Z.##
............##c###
..........#..55hb.#
..........####..@###
#...##..... ###.##
###.h G....##..5.#
##. .....#....##
#.......##
##.......#
#........#
##.......#
##.....(.#


You could see a wolf, a centaur, an orc, 2 friendly crimson imps, a friendly
shadow imp (summoned) and a friendly bat (summoned).

Vanquished Creatures
  A howler monkey (D:4)
  A hound (D:4)
  A bullfrog skeleton (D:8)
  An orc wizard (D:4)
  An adder (D:2)
  A dart slug (D:4)
  A leopard gecko (D:5)
  8 orcs (D:4)
  A ball python (D:4)
  2 bats
  3 frilled lizards (D:2)
  A goblin (D:3)
22 creatures vanquished.

Vanquished Creatures (collateral kills)
  2 bullfrogs
  A worm (D:7)
  An orc (D:5)
  2 quokkas
  A ball python skeleton (D:4)
  A frilled lizard (D:4)
  A goblin (D:3)
9 creatures vanquished.

Grand Total: 31 creatures vanquished

Notes
Turn   | Place    | Note
-------+----------+-------------------------------------------
     0 | D:1      | CurlyBrace the Felid Summoner began the quest for the Orb.
     0 | D:1      | Reached XP level 1. HP: 7/7 MP: 4/4
     4 | D:1      | You fall into a shaft and drop 1 floor!
     9 | D:2      | Found a shimmering altar of Xom.
    26 | D:2      | Noticed a worker ant
    61 | D:2      | Reached XP level 2. HP: 8/12 MP: 6/6
    70 | D:2      | Learned a level 2 spell: Call Imp
   224 | D:3      | You fall into a shaft and drop 1 floor!
   250 | D:4      | Reached skill level 1 in Fighting
   250 | D:4      | Reached skill level 1 in Unarmed Combat
   255 | D:4      | Noticed a bullfrog
   283 | D:5      | Entered Level 5 of the Dungeon
   353 | D:4      | Reached XP level 3. HP: 16/16 MP: 2/7
   372 | D:4      | Killed a bullfrog
   373 | D:4      | Reached XP level 4. HP: 11/20 MP: 0/8
   490 | D:4      | Noticed an ogre
   626 | D:4      | HP: 1/20 [hound (6)]
   652 | D:4      | Found a sacrificial altar of Ru.
   655 | D:4      | Reached XP level 5. HP: 3/24 MP: 9/9
   813 | D:7      | Found a snail-covered altar of Cheibriados.
   842 | D:7      | Became a worshipper of Cheibriados the Contemplative
   945 | D:7      | Found a white marble altar of Elyvilon.
   948 | D:8      | Noticed a centaur
   948 | D:8      | Noticed an eye of draining
   948 | D:8      | Noticed a black bear
   948 | D:8      | Shot with an arrow by a centaur
   949 | D:8      | Reached XP level 4. HP: -2/21 MP: 8/8
   959 | D:8      | Noticed a wolf
   960 | D:8      | Noticed a wolf
   960 | D:8      | Noticed Grum
   960 | D:8      | Noticed a wolf
   974 | D:8      | Noticed a centaur
   976 | D:8      | Slain by a wolf

Illustrated notes

Levels and vault maps discovered:
D:1:      lemuel_arrival_muddy, layout_basic, st_stairs_6
D:2:      layout_rooms, nicolae_overflow_crystal_walls
D:3:      layout_loops_corners
D:4:      layout_loops_ring, nicolae_overflow_hidden_temple, kennysheep_mini
D:5:      layout_basic, ebering_ghost_sewer_d
D:6:      layout_layer_cave, gammafunk_temple_overflow_wave,
          minmay_temple_entry_statues
D:7:      layout_basic, grunt_temple_overflow_open, serial_shops,
          kennysheep_little_box, nicolae_shop_trees, nicolae_shop_behind_doors,
          shop, minmay_misc_feat_five, cheibrodos_worm_habitat
D:8:      layout_cave_pools, uniq_maurice, uniq_grum

Skill      XL: |  1  2  3  4 |
---------------+-------------+-----
Stealth        | 3 |  3.0
Dodging        | 3 |  3.0
Fighting       | 1 2 3 |  3.7
Unarmed Combat | 1 2 3 |  3.7
Spellcasting   | |  2.0
Summonings     | |  4.0

Action                   |  1- 3 |  4- 6 || total
-------------------------+-------+-------++-------
Melee: Unarmed           |    31 |    37 ||    68
       Bite              |       |     3 ||     3
 Cast: Summon Small Mamm |     9 |     9 ||    18
       Call Imp          |     3 |    15 ||    18
  Use: Scroll            |     2 |     5 ||     7
       Potion            |     3 |     2 ||     5
 Stab: Sleeping          |     3 |     2 ||     5
       Distracted        |       |     2 ||     2
Armor: Skin              |     1 |     3 ||     4
Dodge: Dodged            |    29 |    30 ||    59

Table legend: (Time is in decaauts)
 A = Elapsed time spent in this place.
 B = Non-inter-level travel time spent in this place.
 C = Inter-level travel time spent in this place.
 D = Time resting spent in this place.
 E = Time spent auto-exploring this place.
 F = Levels seen in this place.
 G = Mean time per level.
                   A        B        C        D        E       F      G
               +--------+--------+--------+--------+--------+-----+--------+
         Total |    877 |    877 |      0 |      0 |      0 |   8 |  109.6 |
       Dungeon |    877 |    877 |      0 |      0 |      0 |   8 |  109.6 |
               +--------+--------+--------+--------+--------+-----+--------+

Top non-repeatable levels by time:
     D:4: 359 daAuts
     D:7: 209 daAuts
     D:3: 118 daAuts
     D:2: 86 daAuts
     D:5: 62 daAuts
     D:8: 30 daAuts
     D:6: 8 daAuts
     D:1: 3 daAuts
